 Dungeon Crawl Stone Soup version 0.23.2-33-g5129a83184 (webtiles) character file.

Game seed: 1637579472417363754

555 Ceapi the Cleaver (level 7, -19/58 HPs)
             Began as a Hill Orc Berserker on July 17, 2019.
             Was a Priest of Trog.
             Demolished by an ogre
             ... wielding a +0 giant club
              (26 damage)
             ... on level 4 of the Dungeon.
             The game lasted 00:12:25 (3353 turns).

Ceapi the Cleaver (Hill Orc Berserker)              Turns: 3353, Time: 00:12:26

Health: -19/58     AC:  8    Str: 22    XL:     7   Next: 30%
Magic:  0/7        EV:  8    Int:  7    God:    Trog [***...]
Gold:   140        SH:  0    Dex: 10    Spells: 6/6 levels left

rFire    . . .     SeeInvis .   a - +0 hand axe
rCold    . . .     Gourm    .   (no shield)
rNeg     . . .     Faith    .   h - +0 chain mail
rPois    +         Spirit   +   (no helmet)
rElec    .         Reflect  .   (no cloak)
rCorr    .         Harm     .   (no gloves)
MR       ++...                  (no boots)
Stlth    ..........             s - amulet of guardian spirit
HPRegen  1.19/turn              m - ring of poison resistance
MPRegen  0.10/turn              r - ring of flight

@: regenerating
A: no striking features
a: Berserk, Trog's Hand, Renounce Religion, Evoke Flight


You were on level 4 of the Dungeon.
You worshipped Trog.
Trog was most pleased with you.
You were hungry.

You visited 1 branch of the dungeon, and saw 4 of its levels.
You also visited: Sewer.

You collected 140 gold pieces.

Inventory:

Hand Weapons
 a - a +0 hand axe (weapon)
Armour
 h - a +0 chain mail (worn)
Jewellery
 m - a ring of poison resistance (left hand)
 r - a ring of flight (right hand)
 s - an amulet of guardian spirit (around neck)
Wands
 t - a wand of digging (3)
Scrolls
 b - 2 scrolls of immolation {unknown}
 e - a scroll of magic mapping {unknown}
 g - a scroll of identify {unknown}
 i - a scroll of enchant armour {unknown}
 j - a scroll of enchant weapon {unknown}
 l - 3 scrolls of fog {unknown}
 o - 2 scrolls of remove curse {unknown}
 q - 3 scrolls of blinking {unknown}
 u - a scroll of amnesia {unknown}
 x - a scroll of teleportation {unknown}
 y - a scroll of fear {unknown}
Potions
 d - 3 potions of lignification {unknown}
 f - 3 potions of flight {unknown}
 k - a potion of agility {unknown}
 n - 2 potions of curing {unknown}
 p - a potion of degeneration {unknown}
 w - 2 potions of brilliance {unknown}
Comestibles
 c - 7 rations
 v - 15 chunks of flesh


   Skills:
 - Level 3.8 Fighting
 + Level 10.3 Axes
 - Level 2.3 Armour
 - Level 1.8 Dodging


You had 6 spell levels left.
You didn't know any spells.
Your spell library was empty.

Dungeon Overview and Level Annotations

Branches:
Dungeon (4/15)
 Temple: D:4-7

Altars:
Cheibriados
Gozag
Kikubaaqudgha
Okawaru
Qazlal
Uskayaw
Zin
The Shining One


Message History

Things that are here:
3 javelins; a scorpion corpse The ogre shouts!
Your skin crawls.
You feel resistant to hostile enchantments.
You are feeling hungry.
You slash the ogre!
The ogre is moderately wounded.
The ogre hits you with a +0 giant club!!
* * * LOW HITPOINT WARNING * * *
You closely miss the ogre.
The ogre is moderately wounded.
The ogre hits you with a +0 giant club!
* * * LOW HITPOINT WARNING * * *
Your chain mail prevents you from hitting the ogre.
The ogre is moderately wounded.
You slash the ogre!
The ogre is severely wounded.
The ogre hits you with a +0 giant club!!
You die...

##..........
######.....#...##
#...........##..##
#.#######....#..#
##.#######....#..#
#.............#
#.#######..#..$..
#.#≈≈≈≈≈#.##.##..
#.#≈≈.≈≈(@# ..# .
#.#≈≈≈≈≈#O##..#
#.#######))#.# #
#.........÷.###.#
###.#.#.....#≈._##
#.........'...8#
#.........#≈._##
###.......###.#
####....# #


You could see an ogre.

Vanquished Creatures
  Sigmund (D:3)
  A bullfrog (D:3)
  A scorpion (D:4)
  An orc priest (D:4)
  2 orc wizards (D:4)
  A worker ant (D:3)
  Robin (D:3)
  4 adders
  2 oozes
  2 worms
  A dart slug (D:3)
  3 leopard geckos
  5 orcs
  8 bats
  9 giant cockroaches
  20 goblins
  9 hobgoblins
  14 jackals
  A quokka (D:3)
  2 ball pythons
  5 frilled lizards
  3 kobolds
  A quokka skeleton (D:2)
  5 rats
102 creatures vanquished.

Notes
Turn   | Place    | Note
-------+----------+-------------------------------------------
     0 | D:1      | Ceapi the Hill Orc Berserker began the quest for the Orb.
     0 | D:1      | Reached XP level 1. HP: 19/19 MP: 1/1
   300 | D:1      | Reached XP level 2. HP: 27/27 MP: 2/2
  1220 | D:2      | Reached skill level 5 in Axes
  1220 | D:2      | Reached XP level 3. HP: 28/33 MP: 3/3
  1662 | D:2      | Found a glowing silver altar of Zin.
  1662 | D:2      | Found a faded altar of an unknown god.
  1667 | D:2      | Found a snail-covered altar of Cheibriados.
  1669 | D:2      | Found an opulent altar of Gozag.
  1671 | D:2      | Found an iron altar of Okawaru.
  1742 | D:2      | Reached ** piety under Trog
  1742 | D:2      | Reached XP level 4. HP: 40/40 MP: 4/4
  1778 | D:2      | Reached skill level 6 in Axes
  2272 | D:3      | Noticed Robin
  2285 | D:3      | Killed Robin
  2285 | D:3      | Reached skill level 7 in Axes
  2285 | D:3      | Reached XP level 5. HP: 42/46 MP: 2/5
  2433 | D:3      | Found an ancient bone altar of Kikubaaqudgha.
  2435 | D:3      | Found a hide-covered altar of Uskayaw.
  2439 | D:3      | Reached skill level 8 in Axes
  2728 | D:3      | Noticed Sigmund
  2749 | D:3      | Killed Sigmund
  2749 | D:3      | Reached skill level 9 in Axes
  2749 | D:3      | Reached XP level 6. HP: 26/52 MP: 3/6
  2940 | D:4      | Found a glowing drain.
  2951 | D:4      | Reached *** piety under Trog
  2967 | D:4      | Found a glowing golden altar of the Shining One.
  2967 | D:4      | Found a stormy altar of Qazlal.
  2982 | Sewer    | Entered a sewer
  3295 | D:4      | Reached XP level 7. HP: 58/58 MP: 7/7
  3300 | D:4      | Reached skill level 10 in Axes
  3353 | D:4      | Demolished by an ogre

Skill      XL: |  1  2  3  4  5  6  7 |
---------------+----------------------+-----
Axes           | 5 7 9 10 | 10.3
Fighting       | |  3.8
Armour         | |  2.3
Dodging        | |  1.8

Action                   |  1- 3 |  4- 6 |  7- 9 || total
-------------------------+-------+-------+-------++-------
Melee: Hand axe          |    94 |   198 |    23 ||   315
Invok: Trog's Hand       |       |       |     1 ||     1
  Eat: Chunk             |     3 |     5 |       ||     8
Armor: Leather armour    |    14 |       |       ||    14
       Animal skin       |     1 |       |       ||     1
       Chain mail        |    18 |   101 |     8 ||   127
Dodge: Dodged            |    67 |    73 |    10 ||   150
